 Dungeon Crawl Stone Soup version 0.29.1-1-gd02db6906a (webtiles) character file.

Game seed: 15138828274633359626

219 Ashen the Chiller (level 5, -10/38 HPs)
             Began as a Demonspawn Ice Elementalist on Sept 17, 2022.
             Mangled by an ogre
             ... wielding a +0 giant club
              (19 damage)
             ... on level 5 of the Dungeon.
             The game lasted 00:08:19 (5563 turns).

Ashen the Chiller (Demonspawn Ice Elementalist)     Turns: 5563, Time: 00:08:20

Health: -10/38     AC: 10    Str:  8    XL:     5   Next: 63%
Magic:  0/9        EV: 12    Int: 19    God:
Gold:   303        SH:  0    Dex: 13    Spells: 3/10 levels left

rFire   . . .      SeeInvis .   j - +3 great sword
rCold   . . .      Faith    .   (shield currently unavailable)
rNeg    . . .      Spirit   .   c - +0 leather armour
rPois   .          Reflect  .   e - +0 helmet
rElec   .          Harm     .   (no cloak)
rCorr   .          Rampage  .   (no gloves)
Will    .....                   (no boots)
Stlth   ++........              (no amulet)
HPRegen 0.12/turn               (no ring)
MPRegen 0.11/turn               (no ring)

@: ice-armoured, freezing walls
A: yellow scales 1, weakness stinger 2
a: no special abilities


You were on level 5 of the Dungeon.
You visited 1 branch of the dungeon, and saw 5 of its levels.

You collected 303 gold pieces.

Inventory:

Hand Weapons
 j - a +3 great sword (weapon)
Armour
 c - a +0 leather armour (worn)
 e - a +0 helmet (worn)
Jewellery
 a - an amulet of guardian spirit
 d - a +6 ring of dexterity
 h - a ring of resist corrosion
 m - a +6 ring of dexterity
Scrolls
 f - a scroll of enchant armour {unknown}
 g - a scroll of enchant weapon {unknown}
 i - a scroll of poison
 k - 6 scrolls of teleportation
 q - a scroll of immolation {unknown}
Potions
 b - a potion of magic
 l - a potion of lignification
 n - 2 potions of mutation {unknown}
 p - a potion of brilliance {unknown}
 r - 3 potions of attraction


   Skills:
 + Level 2.0 Fighting
 + Level 2.9 Dodging
 + Level 3.0 Stealth
 + Level 3.0 Spellcasting
 + Level 4.2 Ice Magic


You had 3 spell levels left.
You knew the following spells:

 Your Spells              Type           Power      Damage    Failure   Level
a - Freeze                Ice            76%        1d9       3%          1
b - Frozen Ramparts       Ice            38%        1d6       12%         3
c - Ozocubu's Armour      Ice            19%        N/A       12%         3

Your spell library contained the following spells:

 Spells                   Type           Power      Damage    Failure   Level
 Hailstorm                Conj/Ice       11%        3d5       67%         4


Dungeon Overview and Level Annotations

Branches:
Dungeon (5/15)
 Temple: D:4-7

Altars:
Hepliaklqana

Annotations:
D:2 Terence


Innate Abilities, Weirdness & Mutations

You are partially covered in yellow scales. (AC +2)
You have a tail ending in a sharp stinger.


Message History

Casting: Ozocubu's Armour (dangerous; 12% risk of failure)
Confirm with . or Enter, or press ? or * to list all spells.
Casting: Frozen Ramparts (dangerous; 12% risk of failure)
Press: ? - help, Dir - look around, f - activate The walls around you are covered in ice.
The wall freezes the ogre.
The ogre hits you with a +0 giant club!
Casting: Frozen Ramparts (dangerous; 12% risk of failure)
Confirm with . or Enter, or press ? or * to list all spells.
Aiming: Freeze (safe; 3% risk of failure)
Press: ? - help, Shift-Dir - straight line, f - ogre
Aim: an ogre, wielding a +0 giant club (lightly wounded)
You freeze the ogre.
The ogre is lightly wounded.
An ogre comes into view. It is wielding a +0 giant club.
The wall freezes the ogre.
The ogre misses you.
Casting: Freeze (safe; 3% risk of failure)
Confirm with . or Enter, or press ? or * to list all spells.
Aiming: Freeze (safe; 3% risk of failure)
Press: ? - help, Shift-Dir - straight line, f/p - ogre
Aim: an ogre, wielding a +0 giant club (moderately wounded)
You freeze the ogre!
The ogre is heavily wounded.
Unknown command.
Casting: Freeze (safe; 3% risk of failure)
Confirm with . or Enter, or press ? or * to list all spells.
Aiming: Freeze (safe; 3% risk of failure)
Press: ? - help, Shift-Dir - straight line, f/p - ogre
Aim: an ogre, wielding a +0 giant club (heavily wounded)
You freeze the ogre.
The ogre is severely wounded.
The wall freezes the ogre.
The wall freezes the ogre but does no damage.
The ogre hits you with a +0 giant club!!
* * * LOW HITPOINT WARNING * * *
You slash the ogre!
You kill the ogre!
The wall freezes the ogre. x2
The ogre hits you with a +0 giant club!!
Ouch! That really hurt!
You die...

...........#
...........## #
..###.#<.#..... #..
#.#..#.####
#..####.#..#.###
...............#
#.>#.#.......######
..................#
#.####O@###########
#....).# #.##.....
# ##..### #..# ....
...# ##.#


You could see an ogre.

Vanquished Creatures
  An ogre (D:5)
  A wight (D:3)
  A hound (D:5)
  An iguana (D:4)
  4 adders
  3 worms
  A dart slug (D:3)
  6 orcs
  3 bats
  9 endoplasms
  7 hobgoblins
  4 kobolds
  A quokka (D:1)
  4 ball pythons
  3 frilled lizards
  6 goblins
  5 rats
60 creatures vanquished.

Vanquished Creatures (others)
  2 plants (D:3)
2 creatures vanquished.

Grand Total: 62 creatures vanquished

Notes
Turn   | Place    | Note
-------+----------+-------------------------------------------
     0 | D:1      | Ashen the Demonspawn Ice Elementalist began the quest for
                  | the Orb.
     0 | D:1      | Reached XP level 1. HP: 13/13 MP: 3/3
   485 | D:1      | Gained mutation: You are partially covered in yellow
                  | scales. (AC +2) [demonic ancestry]
   485 | D:1      | Reached XP level 2. HP: 19/19 MP: 5/5
  1224 | D:2      | Noticed Terence
  1603 | D:2      | Gained mutation: You have a small tail. [demonic ancestry]
  1603 | D:2      | Reached XP level 3. HP: 18/25 MP: 0/6
  2361 | D:3      | Found a hazy altar of Hepliaklqana.
  2510 | D:3      | Reached skill level 1 in Fighting
  2924 | D:3      | Reached XP level 4. HP: 17/32 MP: 3/7
  3515 | D:3      | Learned a level 3 spell: Frozen Ramparts
  3519 | D:3      | Learned a level 3 spell: Ozocubu's Armour
  3692 | D:3      | Reached skill level 4 in Ice Magic
  4931 | D:3      | Gained mutation: You have a tail ending in a sharp stinger.
                  | [demonic ancestry]
  4931 | D:3      | Reached XP level 5. HP: 23/38 MP: 1/9
  5503 | D:5      | Entered Level 5 of the Dungeon
  5542 | D:5      | Noticed an ogre
  5560 | D:5      | Noticed an ogre
  5563 | D:5      | Killed an ogre
  5563 | D:5      | Mangled by an ogre

Illustrated notes

Levels and vault maps discovered:
D:1:      dpeg_arrival_yet_another_circle, layout_basic
D:2:      layout_rooms, basic_altar, uniq_terence
D:3:      layout_basic, mainiacjoe_overflow_brackets,
          mainiacjoe_overflow_tiny_flanked, wad_woods_river_04, minmay_quantized
D:4:      layout_loops_corners
D:5:      layout_basic, minmay_temple_entry_glass, nrook_uturn,
          minmay_misc_feat_secret_circle, kennysheep_dice

Skill      XL: |  1  2  3  4  5 |
---------------+----------------+-----
Stealth        | 2 3 |  3.0
Dodging        | 2 |  2.9
Fighting       | 1 2 |  2.0
Ice Magic      | 4 |  4.2
Spellcasting   | 3 |  3.0

Action                   |  1- 3 |  4- 6 || total
-------------------------+-------+-------++-------
Melee: Unarmed           |    30 |       ||    30
       Tailslap          |     1 |     5 ||     6
       Long sword        |       |    31 ||    31
       Punch             |       |     1 ||     1
       Great sword       |       |     9 ||     9
 Cast: Freeze            |    63 |    32 ||    95
       Ozocubu's Armour  |       |     2 ||     2
       Frozen Ramparts   |       |     2 ||     2
  Use: Potion            |     1 |     2 ||     3
       Scroll            |       |     6 ||     6
 Stab: Sleeping          |     3 |       ||     3
Armor: Robe              |    26 |     8 ||    34
       Leather armour    |       |    13 ||    13
       Skin              |       |     4 ||     4
Dodge: Dodged            |    57 |    37 ||    94
